Map: Abyssal Reef LE

Players

Lambo

  • Race: Zerg Zerg
  • Spawn Location: 11:00

Cham - Winner!

  • Race: Zerg Zerg
  • Spawn Location: 5:00

Event: WCS Montreal 2017

VOD

Have the link to the VOD?

Description

Time

  • Played on: Sept. 8, 2017, 5:31 p.m.
  • Length: 4:03

All games in this series

Show
View Real Time Build Order
Export as new Build Order

Lambo Zerg 

Build Orders: Pool First 

Get SALT Encoding   

  12  0:17  Spawning Pool  
  11  0:22  Drone  
  11  0:28  Drone  
  13  0:32  Drone  
  14  0:40  Overlord  
  15  1:04  Zergling x4  
  15  1:05  Zergling x2  
  17  1:16  Zergling x2  
  18  1:19  Hatchery  
  17  1:28  Zergling x2  
  18  1:33  Queen  
  18  1:39  Zergling x2  
  21  1:50  Overlord  
  21  2:01  Drone  
  22  2:09  Queen  
  24  2:15  Drone  
  24  2:20  Drone  
  21  2:32  Drone  
  21  2:37  Zergling x2  
  21  2:41  Queen  
  24  2:44  Zergling x4  
  24  2:50  Queen  
  28  2:52  Drone  
  28  2:54  Drone  
  30  3:04  Drone x2  
  32  3:08  Drone x3  
  35  3:17  Spine Crawler, Drone  
  35  3:21  Drone  
  36  3:27  Overlord  
Show
View Real Time Build Order
Export as new Build Order

Cham Zerg - Winner!

Build Orders: Hatch First 

Get SALT Encoding   

  12  0:00  Drone  
  13  0:08  Drone  
  14  0:17  Overlord  
  14  0:36  Drone  
  14  0:37  Drone x2  
  17  0:54  Hatchery  
  17  0:57  Drone  
  17  1:04  Extractor  
  16  1:11  Spawning Pool  
  16  1:14  Drone  
  16  1:18  Drone  
  17  1:23  Drone  
  18  1:32  Drone  
  19  1:59  Zergling x2  
  19  2:00  Zergling x2  
  21  2:04  Metabolic Boost  
  21  2:06  Queen, Zergling x4  
  24  2:16  Zergling x2  
  19  2:35  Zergling x4  
  19  2:36  Zergling x2  
  20  2:40  Zergling x4  
  22  2:46  Zergling x2  
  23  2:53  Zergling x2  
  23  2:57  Zergling x2  
  25  3:01  Overlord  
  25  3:13  Zergling x4  
  28  3:20  Zergling x2  
  28  3:21  Zergling x2  
  29  3:31  Zergling x4  
  31  3:37  Zergling x2  
Tags
 
Add a new tag
Caveats
  • Supply blocks, unpowered buildings, or Contaminate may cause inaccurate times.
  • Supply counts are checked every 10 seconds.